 Dungeon Crawl Stone Soup version 0.22-a0-247-gbddf880757 (webtiles) character file.

3474 Peterchen the Severer (level 9, -18/70 HPs)
             Began as a Minotaur Berserker on Feb 25, 2018.
             Was a High Priest of Trog.
             Killed from afar by Xeas's ghost (21 damage)
             ... with a spray of energy
             ... on level 8 of the Dungeon.
             The game lasted 00:16:41 (5956 turns).

Peterchen the Severer (Minotaur Berserker)          Turns: 5956, Time: 00:16:42

Health: -18/70     AC:  6    Str: 25    XL:     9   Next: 79%
Magic:  17/17      EV: 12    Int:  4    God:    Trog [*****.]
Gold:   239        SH:  0    Dex:  7    Spells: 8/8 levels left

rFire    . . .     SeeInvis .   G - +3 executioner's axe (chop)
rCold    . . .     Gourm    .   (shield currently unavailable)
rNeg     + + .     Faith    .   A - +1 leather armour "Haisemot" {rPois rN+ Dex-3 Slay+2}
rPois    +         Spirit   .   (helmet restricted)
rElec    .         Reflect  .   (no cloak)
rCorr    .         Harm     .   o - +0 pair of gloves
MR       .....                  b - +0 pair of boots
Stlth    ..........             (no amulet)
HPRegen  0.21/turn              n - ring of positive energy
MPRegen  0.15/turn              B - ring of magical power

@: confused, sleeping, berserk cooldown, slowed
A: retaliatory headbutt, horns 2
a: Berserk, Trog's Hand, Brothers in Arms, Renounce Religion


You were on level 8 of the Dungeon.
You worshipped Trog.
Trog was extremely pleased with you.
You were hungry.

You visited 1 branch of the dungeon, and saw 8 of its levels.

You collected 239 gold pieces.

Inventory:

Hand Weapons
 G - a +3 executioner's axe of chopping (weapon)
Armour
 b - a +0 pair of boots (worn)
 o - a +0 pair of gloves (worn)
 A - the +1 leather armour "Haisemot" (worn) {rPois rN+ Dex-3 Slay+2}
   (You found it on level 6 of the Dungeon)

   It affects your dexterity (-3).
   It affects your accuracy and damage with ranged weapons and melee attacks
   (+2).
   It protects you from poison.
   It protects you from negative energy.
Jewellery
 n - a ring of positive energy (left hand)
 B - a ring of magical power (right hand)
Wands
 v - a wand of polymorph (17)
 x - a wand of enslavement (11)
 E - a wand of iceblast (6)
Scrolls
 a - a scroll of identify
 d - 6 scrolls of magic mapping
 e - 4 scrolls of immolation
 g - 2 scrolls of teleportation
 p - 2 scrolls of blinking
 w - a scroll of enchant weapon
 D - 3 scrolls of fear
Potions
 h - 4 potions of flight {unknown}
 i - a potion of ambrosia {unknown}
 j - a potion of might {unknown}
 k - a potion of cancellation {unknown}
 l - 3 potions of curing {unknown}
 m - 2 potions of degeneration {unknown}
 q - a potion of heal wounds {unknown}
 r - 4 potions of brilliance {unknown}
 s - a potion of haste {unknown}
 u - 2 potions of resistance {unknown}
 z - a potion of magic {unknown}
Comestibles
 c - 18 rations
 f - 4 chunks of flesh


   Skills:
 - Level 3.6 Fighting
 * Level 15.9 Axes
 - Level 2.4 Armour
 - Level 2.1 Dodging


You had 8 spell levels left.
You didn't know any spells.

Dungeon Overview and Level Annotations

Branches:
Dungeon (8/15)             Temple (0/1) D:7
   Lair: D:8-11

Altars:
Ashenzari
Elyvilon
Fedhas
Gozag
Qazlal
Sif Muna
Trog
Uskayaw
Vehumet
Xom
Yredelemnul

Annotations:
D:8 Xeas's ghost, novice SpEn


Innate Abilities, Weirdness & Mutations

You reflexively headbutt those who attack you in melee.
You have a pair of horns on your head.


Message History

* * * LOW HITPOINT WARNING * * *
You are confused.
You're too confused to move!
Xeas's ghost hits you.
* * * LOW HITPOINT WARNING * * *
You miss Xeas's ghost. You headbutt Xeas's ghost.
Xeas's ghost is almost destroyed.
Xeas's ghost hits you.
* * * LOW HITPOINT WARNING * * *
Xeas's ghost keens inconsolably.
Xeas's ghost hits you.
* * * LOW HITPOINT WARNING * * *
You miss Xeas's ghost.
Xeas's ghost is almost destroyed.
Xeas's ghost hits you but does no damage. x2
Xeas's ghost says, "I walk in shadow, and soon so shall you."
Xeas's ghost casts a spell at you.
You fall asleep.
Xeas's ghost casts a spell at you. The spray of energy hits you!
You die...

#.. ##'####.## . #..
#.......# #. #
#.########.####
#?##.###.. ?.# #.#
#.... ...###.## #.#
#...###.#....# #.#
#.....#......# #.#
.###......W.)#.###.#
........@#.........#
####...>.$.....#####
#####.#.......#
#.#..##.###
#<#.....# #.##.####
#.##.# #.##.# #.##.#


You could see Xeas's ghost.

Vanquished Creatures
  A human (D:7)
  4 hogs (D:7)
  Menkaure (D:7)
  Edmund (D:4)
  2 phantoms
  2 sky beasts
  A necrophage (D:6)
  A centaur (D:6)
  3 ogres
  2 bullfrogs
  A scorpion (D:5)
  5 wights (D:7)
  A vampire bat (D:6)
  An electric eel (D:7)
  3 crimson imps
  A centaur zombie (D:5)
  2 orc priests
  A hound (D:6)
  A gnoll shaman (D:6)
  A centaur skeleton (D:5)
  6 iguanas
  A bullfrog skeleton (D:7)
  6 orc wizards
  Natasha (thrice) (D:3 D:5)
  6 worker ants
  A worker ant zombie (D:5)
  6 gnolls
  A howler monkey skeleton (D:8)
  15 adders
  A shadow imp (D:7)
  5 oozes
  2 adder skeletons
  A worm (D:2)
  2 dart slugs
  5 leopard geckos
  32 orcs
  A ball python (D:2)
  15 bats
  4 giant cockroaches
  7 hobgoblins
  10 jackals
  A quokka (D:3)
  6 frilled lizards
  18 goblins
  8 kobolds
  A quokka skeleton (D:4)
  9 rats
208 creatures vanquished.

Vanquished Creatures (collateral kills)
  A howler monkey (D:6)
  2 orc priests (D:6)
  3 orc wizards (D:6)
  A worker ant (D:6)
  A gnoll (D:6)
  A leopard gecko (D:6)
  An orc (D:6)
10 creatures vanquished.

Vanquished Creatures (others)
  An orc wizard (D:6)
1 creature vanquished.

Grand Total: 219 creatures vanquished

Notes
Turn   | Place    | Note
-------+----------+-------------------------------------------
     0 | D:1      | Peterchen the Minotaur Berserker began the quest for the Orb.
     0 | D:1      | Reached XP level 1. HP: 19/19 MP: 0/0
   156 | D:1      | Reached skill level 4 in Axes
   268 | D:1      | Reached XP level 2. HP: 26/26 MP: 1/1
   367 | D:1      | Reached skill level 5 in Axes
   618 | D:1      | You fall through a shaft!
   619 | D:2      | Found a radiant altar of Vehumet.
   626 | D:2      | Reached XP level 3. HP: 28/31 MP: 2/2
   635 | D:2      | Reached ** piety under Trog
   974 | D:2      | Reached skill level 6 in Axes
   974 | D:2      | Reached XP level 4. HP: 34/39 MP: 3/3
  1512 | D:2      | Found a bloodstained altar of Trog.
  1630 | D:3      | Noticed Natasha
  1636 | D:3      | Reached XP level 5. HP: 35/45 MP: 4/4
  1637 | D:3      | Killed Natasha
  1637 | D:3      | Reached skill level 7 in Axes
  1663 | D:3      | Noticed Natasha
  1668 | D:3      | Killed Natasha
  1759 | D:3      | Reached *** piety under Trog
  1764 | D:3      | Reached skill level 8 in Axes
  1817 | D:3      | Reached XP level 6. HP: 51/51 MP: 5/5
  2116 | D:4      | Reached skill level 9 in Axes
  2415 | D:4      | Found a shattered altar of Ashenzari.
  2536 | D:4      | Reached XP level 7. HP: 22/57 MP: 6/6
  2590 | D:4      | Found a bloodstained altar of Trog.
  2879 | D:4      | Noticed Edmund
  2895 | D:4      | Killed Edmund
  2895 | D:4      | Reached skill level 10 in Axes
  2989 | D:5      | Entered Level 5 of the Dungeon
  3051 | D:5      | Reached **** piety under Trog
  3224 | D:5      | Noticed Natasha
  3238 | D:5      | Found a stormy altar of Qazlal.
  3455 | D:5      | Reached skill level 11 in Axes
  3500 | D:5      | Reached XP level 8. HP: 49/64 MP: 7/7
  3551 | D:5      | Killed Natasha
  4111 | D:6      | Reached skill level 12 in Axes
  4207 | D:6      | Reached skill level 13 in Axes
  4271 | D:6      | HP: 2/96 [orc wizard/magic dart (6)]
  4609 | D:6      | Got a brightly glowing leather armour
  4628 | D:6      | Identified the cursed +1 leather armour "Haisemot" {rPois rN+ Dex-3 Slay+2} (You found it on level 6 of the Dungeon)
  5019 | D:7      | Noticed Menkaure
  5024 | D:7      | Killed Menkaure
  5024 | D:7      | Reached XP level 9. HP: 64/70 MP: 8/8
  5045 | D:7      | Reached ***** piety under Trog
  5047 | D:7      | Reached skill level 14 in Axes
  5489 | D:7      | Found a staircase to the Ecumenical Temple.
  5505 | D:7      | Found a basalt altar of Yredelemnul.
  5505 | D:7      | Found a blossoming altar of Fedhas.
  5505 | D:7      | Found a blossoming altar of Fedhas.
  5505 | D:7      | Found a shimmering altar of Xom.
  5505 | D:7      | Found a basalt altar of Yredelemnul.
  5505 | D:7      | Found a white marble altar of Elyvilon.
  5505 | D:7      | Found a blossoming altar of Fedhas.
  5505 | D:7      | Found a hide-covered altar of Uskayaw.
  5505 | D:7      | Found a radiant altar of Vehumet.
  5505 | D:7      | Found an opulent altar of Gozag.
  5506 | D:7      | Found a blossoming altar of Fedhas.
  5506 | D:7      | Found a deep blue altar of Sif Muna.
  5539 | D:7      | Found a shattered altar of Ashenzari.
  5617 | D:7      | Received a gift from Trog
  5620 | D:7      | Reached skill level 15 in Axes
  5903 | D:8      | Noticed Xeas's ghost (novice SpEn)
  5954 | D:8      | HP: 3/70 [Xeas's ghost (5)]
  5956 | D:8      | Killed from afar by Xeas's ghost

Vault maps used:
D:1:      giann_wishing_wells, minmay_cut_off
D:2:      overflow_temple_1_default, first_ration, trog_hazing_becter
D:3:      uniq_natasha
D:4:      cheibrodos_ashenzari_chains, trog_butcher_becter, uniq_edmund
D:5:      nicolae_qazlal_general_emergency
D:6:      roderic_batcave, minmay_ogre_servants
D:7:      temple_doors_ab, grunt_livestock, kennysheep_flooded_box,
          uniq_menkaure
D:8:      nicolae_overflow_hidden_temple, lair_entry_dummy, serial_shops,
          nicolae_shop_overgrown_old_shop, dk_noncrumbling_4, uniq_joseph

Skill      XL: |  1  2  3  4  5  6  7  8  9 |
---------------+----------------------------+-----
Axes           | 4 5 6 8 9 11 13 15 | 15.9
Fighting       | |  3.6
Armour         | |  2.4
Dodging        | |  2.1

Action                   |  1- 3 |  4- 6 |  7- 9 || total
-------------------------+-------+-------+-------++-------
Melee: Hand axe          |    62 |    91 |       ||   153
       Headbutt          |     9 |    23 |    40 ||    72
       War axe           |       |    77 |   240 ||   317
       Executioner's axe |       |       |    37 ||    37
Invok: Berserk           |     2 |     2 |     9 ||    13
       Brothers in Arms  |       |       |     2 ||     2
Evoke: Wand              |       |       |     1 ||     1
  Use: Scroll            |       |     6 |     5 ||    11
  Eat: Chunk             |     1 |     8 |    19 ||    28
Armor: Ring mail         |    17 |    52 |    45 ||   114
       Animal skin       |     1 |       |       ||     1
       Leather armour    |       |       |    38 ||    38
Dodge: Dodged            |    41 |    93 |   108 ||   242
Block: Shield            |       |    26 |    73 ||    99

Table legend:
 A = Spawn XP
 B = Non-spawn XP
 C = Spawn XP percentage of total XP
 D = Spawn monster count
 E = Non-spawn monster count
 F = Spawn count percentage of total count
 G = Total turns spent on level
                    A         B        C        D         E        F      G
               +---------+---------+-------+---------+---------+-------+---------
         Total |       0 |    4963 |   0.0 |       0 |     218 |   0.0 |  5956
               +---------+---------+-------+---------+---------+-------+---------
           D:1 |       0 |      35 |   0.0 |       0 |      16 |   0.0 |   639
           D:2 |       0 |     144 |   0.0 |       0 |      32 |   0.0 |   990
           D:3 |       0 |     254 |   0.0 |       0 |      39 |   0.0 |   432
           D:4 |       0 |     554 |   0.0 |       0 |      25 |   0.0 |   928
           D:5 |       0 |     623 |   0.0 |       0 |      22 |   0.0 |  1076
           D:6 |       0 |    1096 |   0.0 |       0 |      49 |   0.0 |   954
           D:7 |       0 |    2003 |   0.0 |       0 |      27 |   0.0 |   803
           D:8 |       0 |     254 |   0.0 |       0 |       8 |   0.0 |   134
               +---------+---------+-------+---------+---------+-------+---------
